 Dungeon Crawl Stone Soup version 0.30-a0-341-g682706514a (webtiles) character file.

Game seed: 16075267108930024396

52 Lobster4 the Conjurer (level 4, 0/30 HPs)
             Began as a Human Conjurer on Nov 3, 2022.
             Slain by Grinder (9 damage)
             ... while paralysed by Grinder
             ... on level 3 of the Dungeon.
             The game lasted 00:06:12 (2600 turns).

Lobster4 the Conjurer (Human Conjurer)              Turns: 2600, Time: 00:06:13

Health: 0/30       AC:  4    Str:  7    XL:     4   Next: 8%
Magic:  7/7        EV:  2    Int: 21    God:
Gold:   137        SH:  0    Dex: 11    Spells: 5/8 levels left

rFire   . . .      SeeInvis .    a - +1 dagger (flame)
rCold   . . .      Faith    .    (no shield)
rNeg    . . .      Spirit   .    e - +0 robe
rPois   .          Reflect  .    t - +2 hat
rElec   .          Harm     .    (no cloak)
rCorr   .          Rampage  .    (no gloves)
Will    .....                    (no boots)
Stlth   ++........               (no amulet)
HPRegen 0.25/turn                (no ring)
MPRegen 0.10/turn                (no ring)

@: paralysed
A: no striking features
a: no special abilities


You were on level 3 of the Dungeon.
You visited 1 branch of the dungeon, and saw 3 of its levels.

You collected 137 gold pieces.

Inventory:

Hand Weapons
 a - a +1 dagger of flaming (weapon)
 i - a +0 dagger
 m - a +0 dagger of electrocution
Missiles
 k - 19 stones
Armour
 e - a +0 robe (worn)
 g - a +0 leather armour
 j - a +0 helmet
 t - a +2 hat (worn)
Scrolls
 f - a scroll of poison {unknown}
 h - a scroll of noise {unknown}
 l - 2 scrolls of immolation
 o - a scroll of enchant armour {unknown}
 p - a scroll of identify {unknown}
 s - a scroll of teleportation {unknown}
Potions
 b - a potion of magic
 c - a potion of resistance {unknown}
 d - a potion of haste {unknown}
 n - a potion of heal wounds {unknown}
 r - a potion of attraction {unknown}


   Skills:
 + Level 1.0 Armour
 + Level 2.7 Dodging
 - Level 2.0 Stealth
 + Level 2.5 Spellcasting
 + Level 4.4 Conjurations


You had 5 spell levels left.
You knew the following spells:

 Your Spells              Type           Power      Damage    Failure   Level
a - Magic Dart            Conj           84%        1d7       2%          1
b - Searing Ray           Conj           42%        2d6       3%          2

Your spell library contained the following spells:

 Spells                   Type           Power      Damage    Failure   Level
 Dazzling Flash           Conj/Hex       22%        N/A       17%         3
 Fulminant Prism          Conj/Hex       5%         3d7       50%         4
 Iskenderun's Mystic Bla  Conj/Tloc      11%        2d4       50%         4


Dungeon Overview and Level Annotations

Branches:
Dungeon (3/15)

Altars:
Gozag

Annotations:
D:2 1 runed translucent door, Crazy Yiuf
D:3 Grinder


Message History

You see here a +2 hat.
t - a +2 hat You start removing your armour.
You continue taking off your +0 helmet. x4
You finish taking off your +0 helmet.
You start putting on your armour.
You continue putting on your +2 hat. x5
You finish putting on your +2 hat.
A bat comes into view.
Casting: Magic Dart (safe; 2% risk of failure)
Confirm with . or Enter, or press ? or * to list all spells.
Aiming: Magic Dart (safe; 2% risk of failure)
Press: ? - help, Shift-Dir - straight line, f - bat
Aim: a bat (asleep, 100% to hit)
The magic dart hits the bat.
You kill the bat!
Grinder comes into view.
Grinder shouts!
Grinder moves out of view.
As you read the scroll labelled ECAOZX LECH, it crumbles to dust.
Wisps of shadow whirl around you...
It was a scroll of summoning.
Grinder gestures at you. You resist with significant effort.
Your dart slug bites Grinder but does no damage.
Your rat completely misses Grinder.
Grinder gestures at you.
Your dart slug struggles to resist.
You swap places.
Your dart slug closely misses Grinder.
Your rat closely misses Grinder.
Grinder hits you.
You writhe in agony.
You barely miss Grinder.
Your rat bites Grinder but does no damage.
Grinder gestures at you.
You suddenly lose the ability to move!
Your dart slug launches a dart at Grinder.
The slug dart hits Grinder.
Your rat barely misses Grinder.
Grinder gestures at you. Pain shoots through your body!
* * * LOW HITPOINT WARNING * * *
Your dart slug launches a dart at Grinder.
The slug dart misses Grinder.
Your rat closely misses Grinder.
Grinder hits you!
You die...

#.#####.# #.#
#.## #.#
#..######## #.#
##......†.# #.#
#..P._.P.# ..##
#........#
....####J.#..##
#.....w##.#####
...####J@5.......
###r##..... #.#
... ... . #..#
##.. ##. #


You could see Grinder (ally target), a friendly dart slug (summoned), 2 friendly
endoplasms and a friendly rat (summoned).

Vanquished Creatures
  2 worms (D:2)
  2 dart slugs (D:1)
  3 endoplasms
  3 giant cockroaches
  3 hobgoblins (D:2)
  4 quokkas
  5 ball pythons
  5 bats
  3 frilled lizards
  4 goblins
  4 kobolds
  2 rats
40 creatures vanquished.

Notes
Turn   | Place    | Note
-------+----------+-------------------------------------------
     0 | D:1      | Lobster4 the Human Conjurer began the quest for the Orb.
     0 | D:1      | Reached XP level 1. HP: 13/13 MP: 3/3
   273 | D:1      | Reached XP level 2. HP: 19/19 MP: 1/5
   359 | D:1      | Learned a level 2 spell: Searing Ray
   699 | D:1      | Reached XP level 3. HP: 24/24 MP: 1/6
  1432 | D:2      | Found a faded altar of an unknown god.
  1900 | D:2      | Found a runed translucent door.
  1901 | D:2      | Noticed Crazy Yiuf
  1994 | D:2      | Reached skill level 1 in Armour
  2307 | D:2      | Reached XP level 4. HP: 30/30 MP: 5/7
  2558 | D:3      | Found an opulent altar of Gozag.
  2592 | D:3      | Noticed Grinder
  2598 | D:3      | Paralysed by Grinder for 3 turns
  2600 | D:3      | Slain by Grinder

Illustrated notes

Levels and vault maps discovered:
D:1:      nicolae_arrival_washed_ashore, layout_loops_ring, serial_bayou_pond_b,
          chequers_serial_rivers_large_a, chequers_avenue, moated_statue,
          minmay_pentomino_v4
D:2:      layout_basic, ebering_ecumenical_altar_mist, uniq_crazy_yiuf_cottage
D:3:      layout_rooms, mainiacjoe_overflow_tiny_flanked, hex_tiny, uniq_grinder

Skill      XL: |  1  2  3 |
---------------+----------+-----
Armour         | 1 |  1.0
Dodging        | |  2.7
Stealth        | |  2.0
Spellcasting   | |  2.5
Conjurations   | |  4.4

Action                   |  1- 3 |  4- 6 || total
-------------------------+-------+-------++-------
Melee: Dagger            |    15 |     1 ||    16
 Cast: Magic Dart        |    74 |     3 ||    77
  Use: Scroll            |     1 |     1 ||     2
Armor: Robe              |     3 |       ||     3
Dodge: Dodged            |    12 |       ||    12

Table legend: (Time is in decaauts)
 A = Elapsed time spent in this place.
 B = Non-inter-level travel time spent in this place.
 C = Inter-level travel time spent in this place.
 D = Time resting spent in this place.
 E = Time spent auto-exploring this place.
 F = Levels seen in this place.
 G = Mean time per level.
                   A        B        C        D        E       F      G
               +--------+--------+--------+--------+--------+-----+--------+
         Total |   2615 |   2456 |    159 |    208 |   1951 |   3 |  871.7 |
       Dungeon |   2615 |   2456 |    159 |    208 |   1951 |   3 |  871.7 |
               +--------+--------+--------+--------+--------+-----+--------+

Top non-repeatable levels by time:
     D:1: 1403 daAuts
     D:2: 1111 daAuts
     D:3: 99 daAuts
